 Dungeon Crawl Stone Soup version 0.26-a0-497-g0187308201 (webtiles) character file.

Game seed: 2538293979515093951

160 KristoblXynda the Slasher (level 5, -2/49 HPs)
             Began as a Naga Gladiator on Aug 6, 2020.
             Slain by a gnoll
             ... wielding a +0 halberd
              (17 damage)
             ... on level 3 of the Dungeon.
             The game lasted 00:02:52 (2520 turns).

KristoblXynda the Slasher (Naga Gladiator)          Turns: 2520, Time: 00:02:52

Health: -2/49      AC:  5    Str: 16    XL:     5   Next: 41%
Magic:  5/5        EV: 10    Int: 10    God:
Gold:   199        SH:  0    Dex: 12    Spells: 4/4 levels left

rFire    . . .     SeeInvis +   a - +0 long sword
rCold    . . .     Faith    .   (no shield)
rNeg     . . .     Spirit   .   b - +0 leather armour
rPois    +         Reflect  .   c - +0 helmet
rElec    .         Harm     .   (no cloak)
rCorr    .                      s - +0 pair of gloves
MR       .....                  (no barding)
Stlth    +.........             (no amulet)
HPRegen  0.16/turn              (no ring)
MPRegen  0.09/turn              (no ring)

@: short of breath, very slow
A: large, see invisible, deformed body, poison resistance, slowness 2, spit
poison 1, AC +1
a: Spit Poison


You were on level 3 of the Dungeon.
You visited 1 branch of the dungeon, and saw 3 of its levels.

You collected 199 gold pieces.

Inventory:

Hand Weapons
 a - a +0 long sword (weapon)
Missiles
 d - 5 throwing nets (quivered)
Armour
 b - a +0 leather armour (worn)
 c - a +0 helmet (worn)
 s - a +0 pair of gloves (worn)
Jewellery
 g - an uncursed ring of wizardry {unknown}
 r - an uncursed ring of ice {unknown}
 u - an uncursed amulet of reflection {unknown}
Scrolls
 e - 2 scrolls of teleportation {unknown}
 f - a scroll of magic mapping {unknown}
 h - a scroll of identify {unknown}
 k - a scroll of amnesia {unknown}
 p - 4 scrolls of remove curse {unknown}
 t - a scroll of random uselessness {unknown}
Potions
 i - 2 potions of stabbing
 j - a potion of cancellation {unknown}
 l - a potion of flight {unknown}
 m - 2 potions of haste
 n - a potion of mutation {unknown}
 o - a potion of curing
 q - a potion of magic {unknown}
 v - a potion of lignification {unknown}


   Skills:
 + Level 3.1 Fighting
 + Level 3.8 Long Blades
 - Level 1.7 Throwing
 + Level 1.8 Armour
 + Level 3.2 Dodging


You had 4 spell levels left.
You didn't know any spells.
Your spell library was empty.

Dungeon Overview and Level Annotations

Branches:
Dungeon (3/15)

Altars:

Annotations:
D:3 Ijyb


Innate Abilities, Weirdness & Mutations

You cannot wear boots.
Your serpentine skin is tough. (AC +1)
You have supernaturally acute eyesight. (SInv)
Armour fits poorly on your strangely shaped body.
Your system is resistant to poisons. (rPois)
You cover ground very slowly.
You can spit poison.


Message History

The gnoll hits you but does no damage. The kobold hits you but does no damage.
The gnoll barely misses you.
There's nothing to close nearby.
Unknown command.
You hit the kobold.
You kill the kobold!
The gnoll hits you from afar with a +0 halberd!
Press: ? - help, Shift-Dir - straight line, f - gnoll
Aim: a gnoll, wielding a +0 halberd The splash of poison hits the gnoll.
The gnoll is heavily wounded.
The gnoll hits you from afar with a +0 halberd.
* * * LOW HITPOINT WARNING * * *
Unknown command.
It was a potion of curing.
You feel better.
An orc comes into view. It is wielding a +1 vampiric dagger.
The gnoll misses you.
The gnoll hits you from afar with a +1 spear of flaming!
The gnoll burns you. The gnoll hits you with a +0 halberd!
You die...

## #....####.....†.... .o
+....'..'.......... #.
#....####.......... #. #....#
#.......... #. #....#
#..........
#####'########################
#..........# #...# #.......
#..........######...###.......
#.......o.ggg@..'...'.'.......
#..?.......######...###.......
#..........# #...# #.......
############ #...# #.......
##### #....... #.......
########


You could see Ijyb, 2 gnolls and an orc.

Vanquished Creatures
  An orc priest (D:3)
  2 orc wizards (D:3)
  An adder (D:2)
  3 dart slugs
  6 leopard geckos
  2 orcs (D:3)
  4 bats
  4 giant cockroaches
  7 goblins
  4 hobgoblins
  3 jackals (D:2)
  4 kobolds
  2 ball pythons
  6 frilled lizards
  8 rats
57 creatures vanquished.

Notes
Turn   | Place    | Note
-------+----------+-------------------------------------------
     0 | D:1      | KristoblXynda the Naga Gladiator began the quest for the
                  | Orb.
     0 | D:1      | Reached XP level 1. HP: 19/19 MP: 1/1
   187 | D:1      | Reached XP level 2. HP: 26/26 MP: 2/2
   466 | D:1      | Reached XP level 3. HP: 33/33 MP: 3/3
   799 | D:2      | Reached skill level 1 in Armour
  1559 | D:2      | Reached XP level 4. HP: 31/40 MP: 4/4
  1933 | D:3      | Reached XP level 5. HP: 22/49 MP: 5/5
  2514 | D:3      | Noticed Ijyb
  2520 | D:3      | Slain by a gnoll

Illustrated notes

Levels and vault maps discovered:
D:1:      minmay_arrival_shattered_statue, layout_loops_ring
D:2:      layout_loops_cross
D:3:      layout_basic, uniq_grinder, uniq_ijyb

Skill      XL: |  1  2  3  4 |
---------------+-------------+-----
Armour         | 1 |  1.8
Dodging        | 3 |  3.2
Fighting       | 3 |  3.1
Long Blades    | |  3.8
Throwing       | |  1.7

Action                   |  1- 3 |  4- 6 || total
-------------------------+-------+-------++-------
Melee: Long sword        |   102 |    94 ||   196
 Abil: Spit Poison       |     1 |     1 ||     2
  Use: Potion            |       |     6 ||     6
Armor: Leather armour    |    44 |    42 ||    86
Dodge: Dodged            |    75 |    70 ||   145
       Rpst.: Long sword |    22 |    19 ||    41

Table legend: (Time is in decaauts)
 A = Elapsed time spent in this place.
 B = Non-inter-level travel time spent in this place.
 C = Inter-level travel time spent in this place.
 D = Time resting spent in this place.
 E = Time spent auto-exploring this place.
 F = Levels seen in this place.
 G = Mean time per level.
                   A        B        C        D        E       F      G
               +--------+--------+--------+--------+--------+-----+--------+
         Total |   3087 |   3068 |     19 |    405 |   2084 |   3 | 1029.0 |
       Dungeon |   3087 |   3068 |     19 |    405 |   2084 |   3 | 1029.0 |
               +--------+--------+--------+--------+--------+-----+--------+

Top non-repeatable levels by time:
     D:2: 1158 daAuts
     D:1: 1002 daAuts
     D:3: 927 daAuts
